 Dungeon Sprint DCSS version 0.28-a0-71-g84acfa7270 (webtiles) character file.

Game seed: 4926277526665991675

209 Zeldest the Grappler (level 9, -2/96 HPs)
             Began as a Troll Fighter on Aug 2, 2021.
             Was a Priest of Uskayaw.
             Slain by a naga warlord (4 damage)
             ... in the Dungeon (Sprint VI: "Thunderdome").
             The game lasted 00:06:04 (619 turns).

Zeldest the Grappler (Troll Fighter)                 Turns: 619, Time: 00:06:05

Health: -2/96      AC:  8    Str: 29    XL:     9   Next: 1%
Magic:  10/14      EV:  6    Int:  4    God:    Uskayaw [***...]
Gold:   320        SH: 11    Dex:  9    Spells: 8/8 levels left

rFire   . . .      SeeInvis .     - Unarmed
rCold   . . .      Faith    .   b - +0 kite shield
rNeg    . . .      Spirit   .   d - +0 troll leather armour
rPois   .          Reflect  .   (helmet restricted)
rElec   .          Harm     .   n - +1 cloak
rCorr   .          Rampage  .   (gloves unavailable)
Will    .....      NoTele   +   (boots unavailable)
Stlth   +.........              (no amulet)
HPRegen 2.26/turn               (no ring)
MPRegen 0.14/turn               (no ring)

@: lethally poisoned (-2 -> -2), constricted
A: large, unfitting armour, claws 3, regeneration 1, shaggy fur 1, tough skin 1
a: Renounce Religion, Stomp, Line Pass


You were in the Dungeon.
You worshipped Uskayaw.
Uskayaw was aware of your devotion.
You visited 1 branch You collected 500 gold pieces.
You spent 180 gold pieces at shops.

Inventory:

Armour
 a - a +0 robe
 b - a +0 kite shield (worn)
 d - a +0 troll leather armour (worn)
 n - a +1 cloak (worn)
Scrolls
 i - 4 scrolls of blinking
 l - 3 scrolls of fog
Potions
 c - a potion of might
 e - 4 potions of heal wounds
 f - 4 potions of haste
 g - 2 potions of magic
 h - a potion of berserk rage
 m - a potion of resistance


   Skills:
 + Level 8.1 Fighting
 - Level 2.4 Dodging
 + Level 8.1 Shields
 * Level 12.7 Unarmed Combat
 + Level 8.3 Invocations


You had 8 spell levels left.
You didn't know any spells.
Your spell library was empty.

Dungeon Overview and Level Annotations

Branches:
Dungeon (1/1)

Altars:
Cheibriados
Dithmenos
Fedhas
Gozag
Kikubaaqudgha
Makhleb
Okawaru
Qazlal
Ru
Sif Muna
Trog
Uskayaw
Vehumet
Wu Jian
Xom
Yredelemnul
Zin
The Shining One
Beogh
Jiyva
Lugonu

Shops:
D *[??*?*:[((!!!!


Innate Abilities, Weirdness & Mutations

You are too large for most types of armour.
You have claws for hands.
Your natural rate of healing is unusually fast.
You are covered in fur. (AC +1)
You have tough skin. (AC +1)


Message History

You block the naga warlord's attack.
Okay, then.
Aiming: Line Pass
Press: ? - help, Dir - move target, f - naga warlord
Aim: a naga warlord, wielding a +0 flail and wearing a +0 robe (catching its breath)
You can't stand on top of the monster!
Aiming: Line Pass
Press: ? - help, Dir - move target, p - naga warlord The naga warlord appears confused.
You feel sick.
You scratch the naga warlord but do no damage.
You feel sick.
You claw the naga warlord!
The naga warlord is lightly wounded.
You feel sick.
You feel sick.
The naga warlord seems less confused.
The naga warlord hits you with a +0 flail!
The naga warlord barely misses you.
You barely miss the naga warlord.
The naga warlord is lightly wounded.
You closely miss the naga warlord.
The naga warlord is lightly wounded.
You feel sick.
The naga warlord hits you with a +0 flail!!
* * * LOW HITPOINT WARNING * * *
The naga warlord grabs you.
* * * LOW HITPOINT WARNING * * *
The naga warlord constricts you.
You mangle the naga warlord!!
The naga warlord is moderately wounded.
You feel sick.
The naga warlord hits you but does no damage.
* * * LOW HITPOINT WARNING * * *
The naga warlord constricts you.
Uskayaw will force your foes to helplessly watch your dance.
You mangle the naga warlord!!
The naga warlord is heavily wounded.
You feel sick.
The naga warlord hits you with a +0 flail!!
* * * LOW HITPOINT WARNING * * *
You die...

##⌠⌠⌠## #.....# ##.....##
##∩.....∩## #∩.......∩#
#_......._# #........_#
#_......._# ###.@.......###
#⌠[..N..)..[.⌠#
######.8.....).†.8.######
##.___....).###...÷.._._∩##
###∩..[.....8.# #.8........∩#
##.............###......[.....
#⌠..........###...###.........
#⌠..........# #.<.# #.........
#⌠..........###...###.........


You could see a naga warlord.

Vanquished Creatures
  2 naga magi (D)
  Sigmund (D)
  3 nagas (D)
  3 hell hounds (D)
  2 water moccasins (D)
  A wolf (D)
  A gnoll sergeant (D)
  2 hounds (D)
  A gnoll shaman (D)
  Crazy Yiuf (D)
  Terence (D)
  3 gnolls (D)
  A ball python (D)
  An endoplasm (D)
  A hobgoblin (D)
  A quokka (D)
25 creatures vanquished.

Notes
Turn   | Place    | Note
-------+----------+-------------------------------------------
     0 | D        | Zeldest the Troll Fighter began the quest for the Orb.
     0 | D        | Reached XP level 1. HP: 22/22 MP: 0/0
     1 | D        | Found a snail-covered altar of Cheibriados.
     1 | D        | Found a viscous altar of Jiyva.
     2 | D        | Found a shadowy altar of Dithmenos.
     3 | D        | Found a sacrificial altar of Ru.
     3 | D        | Found a hide-covered altar of Uskayaw.
     4 | D        | Found a shimmering blue altar of Sif Muna.
     4 | D        | Found a basalt altar of Yredelemnul.
     4 | D        | Found Xeog Ciff's Identification Station.
     5 | D        | Found Boeq's Jewellery.
     5 | D        | Found Waera's Advanced Armour.
     5 | D        | Round 1.
    13 | D        | Found a blossoming altar of Fedhas.
    20 | D        | Became a worshipper of Uskayaw the Reveller
    23 | D        | Noticed Terence
    32 | D        | Reached * piety under Uskayaw
    33 | D        | Noticed Sigmund
    34 | D        | Killed Terence
    34 | D        | Reached ** piety under Uskayaw
    35 | D        | Reached skill level 3 in Unarmed Combat
    35 | D        | Reached skill level 1 in Invocations
    35 | D        | Reached XP level 2. HP: 31/31 MP: 0/2
    38 | D        | Reached *** piety under Uskayaw
    39 | D        | Reached **** piety under Uskayaw
    41 | D        | Killed Sigmund
    41 | D        | Reached ***** piety under Uskayaw
    42 | D        | Reached skill level 7 in Unarmed Combat
    42 | D        | Reached XP level 3. HP: 32/41 MP: 0/5
    42 | D        | Reached XP level 4. HP: 38/49 MP: 0/6
    42 | D        | Reached XP level 5. HP: 43/55 MP: 0/7
    42 | D        | Found an iron altar of Okawaru.
    42 | D        | Found Oquezuduin's Magic Scroll Shop.
    48 | D        | Found Koamag's Magic Scroll Shop.
    48 | D        | Found Qiufioh's Must-Have Magic.
    52 | D        | Found a corrupted altar of Lugonu.
    52 | D        | Found an ancient bone altar of Kikubaaqudgha.
    52 | D        | Found a glowing silver altar of Zin.
    52 | D        | Found Lesitajo's Staff Store.
    56 | D        | Found a stormy altar of Qazlal.
    59 | D        | Found an opulent altar of Gozag.
    60 | D        | Found Dioled's Distillery.
    60 | D        | Found a glowing golden altar of the Shining One.
    60 | D        | Found a shimmering altar of Xom.
    60 | D        | Found Byatoig's Do-It-Yourself Clinic.
    61 | D        | Found Ixeimev's Distillery.
    61 | D        | Found Ugichoam's Bottled Wisdom.
    64 | D        | Found a bloodstained altar of Trog.
    65 | D        | Found a burning altar of Makhleb.
    66 | D        | Found a radiant altar of Vehumet.
    92 | D        | Arena points: 6 (+6) [x1]
   107 | D        | Round 2.
   124 | D        | Found an ornate altar of the Wu Jian Council.
   124 | D        | Found Zolot's Premium Goods.
   124 | D        | Found Ugeopi's Miscellaneous Merchandise.
   125 | D        | Found Jipsigre's Basic Armour.
   126 | D        | Found Qerphual's Weapon Rack.
   140 | D        | Reached skill level 5 in Fighting
   140 | D        | Reached skill level 5 in Shields
   140 | D        | Reached skill level 8 in Unarmed Combat
   166 | D        | Reached XP level 6. HP: 52/66 MP: 8/8
   169 | D        | Noticed Crazy Yiuf
   176 | D        | Reached skill level 5 in Invocations
   178 | D        | Killed Crazy Yiuf
   178 | D        | Arena points: 34 (+28) [x2]
   234 | D        | Round 3.
   249 | D        | Reached skill level 9 in Unarmed Combat
   261 | D        | Noticed a hell hound
   267 | D        | Killed a hell hound
   324 | D        | Reached XP level 7. HP: 48/75 MP: 10/10
   343 | D        | Reached skill level 10 in Unarmed Combat
   379 | D        | Arena points: 97 (+63) [x3]
   426 | D        | Round 4.
   446 | D        | Reached skill level 11 in Unarmed Combat
   487 | D        | Reached XP level 8. HP: 78/87 MP: 12/12
   523 | D        | Noticed a naga mage
   532 | D        | Killed a naga mage
   533 | D        | Reached skill level 12 in Unarmed Combat
   539 | D        | Arena points: 209 (+112) [x4]
   561 | D        | Bought a +0 troll leather armour for 180 gold pieces
   596 | D        | Round 5.
   597 | D        | Noticed a naga mage
   603 | D        | Killed a naga mage
   604 | D        | Noticed a naga warlord
   607 | D        | Reached XP level 9. HP: 73/96 MP: 12/14
   619 | D        | HP: 2/96 [naga warlord (23)]
   619 | D        | Slain by a naga warlord

Illustrated notes

Levels and vault maps discovered:
D:        arena_sprint

Skill      XL: |  1  2  3  4  5  6  7  8 |
---------------+-------------------------+-----
Fighting       | 3 4 5 6 7 8 |  8.1
Shields        | 3 4 5 6 7 8 |  8.1
Unarmed Combat | 3 7 8 9 11 12 | 12.7
Invocations    | 1 4 6 7 8 |  8.3
Dodging        | |  2.4

Action                   |  1- 3 |  4- 6 |  7- 9 || total
-------------------------+-------+-------+-------++-------
Melee: Unarmed           |    11 |    58 |    54 ||   123
Invok: Stomp             |       |     1 |       ||     1
       Line Pass         |       |       |     1 ||     1
Evoke: Wand              |       |       |    10 ||    10
  Use: Potion            |       |       |     1 ||     1
 Stab: Paralysed         |     1 |     2 |     3 ||     6
Armor: Robe              |       |     7 |     5 ||    12
       Troll leather arm |       |       |     3 ||     3
Dodge: Dodged            |       |    19 |     5 ||    24
Block: Kite shield       |     6 |    26 |    22 ||    54

Table legend: (Time is in decaauts)
 A = Elapsed time spent in this place.
 B = Non-inter-level travel time spent in this place.
 C = Inter-level travel time spent in this place.
 D = Time resting spent in this place.
 E = Time spent auto-exploring this place.
 F = Levels seen in this place.
 G = Mean time per level.
                   A        B        C        D        E       F      G
               +--------+--------+--------+--------+--------+-----+--------+
         Total |    612 |    612 |      0 |     22 |     81 |   1 |  612.0 |
       Dungeon |    612 |    612 |      0 |     22 |     81 |   1 |  612.0 |
               +--------+--------+--------+--------+--------+-----+--------+

Top non-repeatable levels by time:
       D: 612 daAuts
